 Dungeon Crawl Stone Soup version 0.26-a0-651-gb41185065b (webtiles) character file.

Game seed: 292572142946585958

12163 Flugslaktarn the Cleaver (level 11, -8/108 HPs)
             Began as a Deep Dwarf Fighter on Oct 6, 2020.
             Was a Priest of Makhleb.
             Hit by a large rock thrown by a cyclops (18 damage)
             ... on level 11 of the Dungeon.
             The game lasted 00:05:46 (6799 turns).

Flugslaktarn the Cleaver (Deep Dwarf Fighter)       Turns: 6799, Time: 00:05:47

Health: -8/108     AC: 19    Str: 23    XL:     11   Next: 58%
Magic:  3/3        EV:  9    Int:  8    God:    Makhleb [***...]
Gold:   686        SH: 12    Dex: 13    Spells: 10/10 levels left

rFire    . . .     SeeInvis .   g - +3 war axe (curse)
rCold    . . .     Faith    .   c - +0 kite shield
rNeg     . . .     Spirit   .   p - +0 plate armour
rPois    .         Reflect  .   (no helmet)
rElec    .         Harm     .   h - +1 cloak
rCorr    +         Rampage  .   s - +2 pair of gloves
MR       +....                  (no boots)
Stlth    ..........             (no amulet)
HPRegen  0.00/turn              k - ring of resist corrosion
MPRegen  0.08/turn              v - +4 ring of evasion

@: non-regenerating
A: damage resistance, heal wounds, sense surroundings 2, no regeneration
a: Heal Wounds, Minor Destruction, Lesser Servant of Makhleb, Renounce Religion


You were on level 11 of the Dungeon.
You worshipped Makhleb.
Makhleb was most pleased with you.
You visited 2 branches of the dungeon, and saw 12 of its levels.

You collected 686 gold pieces.

Inventory:

Hand Weapons
 g - a cursed +3 war axe (weapon)
   (You took it off a wight on level 6 of the Dungeon)
Armour
 c - a +0 kite shield (worn)
 h - a +1 cloak (worn)
   (You found it on level 6 of the Dungeon)
 p - a +0 plate armour (worn)
   (You found it on level 8 of the Dungeon)
 s - a +2 pair of gloves (worn)
   (You found it on level 9 of the Dungeon)
Jewellery
 b - an uncursed amulet of regeneration {unknown}
   (You found it on level 9 of the Dungeon)
 f - an uncursed ring of protection from fire
   (You took it off a centaur on level 11 of the Dungeon)
 k - a ring of resist corrosion (left hand)
   (You found it on level 5 of the Dungeon)
 m - an uncursed amulet of regeneration {unknown}
   (You found it on level 8 of the Dungeon)
 v - a +4 ring of evasion (right hand)
   (You found it on level 2 of the Dungeon)
 y - a cursed -4 ring of intelligence {unknown}
   (You found it on level 10 of the Dungeon)
 B - an uncursed ring of protection from magic {unknown}
   (You found it on level 10 of the Dungeon)
 C - an uncursed amulet of the acrobat {unknown}
   (You found it on level 6 of the Dungeon)
Wands
 e - a wand of enslavement (6)
   (You found it on level 10 of the Dungeon)
 n - a wand of acid (13)
   (You found it on level 4 of the Dungeon)
 o - a wand of paralysis (9)
   (You found it on level 5 of the Dungeon)
Scrolls
 a - a scroll of fear
 r - a scroll of identify
 t - 4 scrolls of teleportation
 u - a scroll of fog
 x - 5 scrolls of remove curse
 z - 2 scrolls of blinking
 A - a scroll of magic mapping
 D - a scroll of summoning {unknown}
Potions
 d - 3 potions of might
 i - 3 potions of lignification
 j - a potion of cancellation
 l - a potion of berserk rage
 q - a potion of curing
 w - 4 potions of heal wounds


   Skills:
 * Level 9.8 Fighting
 * Level 11.3 Axes
 + Level 8.5 Armour
 + Level 8.6 Shields
 + Level 6.8 Invocations
 + Level 3.1 Evocations


You had 10 spell levels left.
You didn't know any spells.
Your spell library was empty.

Dungeon Overview and Level Annotations

Branches:
Dungeon (11/15)            Temple (1/1) D:7            Lair (0/6) D:10
    Orc (0/2) D:10

Altars:
Ashenzari
Cheibriados
Dithmenos
Elyvilon
Fedhas
Gozag
Kikubaaqudgha
Makhleb
Nemelex Xobeh
Okawaru
Qazlal
Ru
Sif Muna
Trog
Uskayaw
Wu Jian
Xom
Zin
The Shining One

Shops:
D:10 (   D:11 *


Innate Abilities, Weirdness & Mutations

You are resistant to damage.
You can heal yourself by infusing magical energy.
You passively map the area around you.
You do not regenerate.


Message History

You closely miss something.
Something hits you but does no damage. x2
You slice something!! Makhleb accepts your kill.
Reactivating autopickup.
Your Evocations skill increases to level 3!
You feel a bit more experienced.
The cyclops throws a large rock.
You block the large rock.
You swing at nothing.
The cyclops throws a large rock.
The large rock hits you!
You swing at nothing.
The cyclops throws a large rock.
The large rock hits you!!
* * * LOW HITPOINT WARNING * * *
You swing at nothing.
You swing at nothing.
The cyclops throws a large rock.
The large rock hits you!
* * * LOW HITPOINT WARNING * * *
You swing at nothing.
The cyclops throws a large rock.
You block the large rock.
You swing at nothing.
You swing at nothing.
The cyclops throws a large rock.
The large rock hits you!!
You die...

* * * * * , * * , ,
,,,, , ,
.###################
***
...........@.......,,,,
#.[......###...### *
#......†.# ...# ** * ,,
, #........###...# , ,
##......>......... , ,
#...............,.# ,
#...C†.......... ,#
#...####........, * ,
#.....##.#......#, , ,*
,


You could see a cyclops.

Vanquished Creatures
  Snorg (D:11)
  Erica (D:10)
  A two-headed ogre (D:9)
  2 unseen horrors (D:11)
  An ugly thing (D:11)
  A troll (D:11)
  A hippogriff (D:10)
  9 yaks
  Duvessa (D:6)
  A water moccasin (D:5)
  An ice beast (D:10)
  7 orc warriors
  2 black bears
  3 phantoms
  3 sky beasts
  6 ogres
  11 centaurs
  5 big kobolds
  7 bullfrogs
  Dowan (D:6)
  2 scorpions
  5 killer bees (D:7)
  2 howler monkeys (D:5)
  19 wights
  An electric eel (D:10)
  A bullfrog zombie (D:11)
  5 hounds
  2 centaur zombies
  Crazy Yiuf (D:5)
  A bullfrog skeleton (D:7)
  16 orc priests
  A quasit (D:9)
  2 centaur skeletons
  A gnoll shaman (D:5)
  6 iguanas
  9 orc wizards
  Natasha (D:3)
  8 worker ants
  2 hound skeletons
  A worker ant zombie (D:5)
  3 gnolls (D:5)
  20 adders
  A shadow imp (D:8)
  3 white imps
  3 ufetubi
  4 worms
  3 adder skeletons
  4 dart slugs
  5 leopard geckos
  49 orcs
  3 ball pythons
  3 giant cockroaches
  3 goblins
  4 hobgoblins
  18 jackals
  23 kobolds
  4 quokkas
  3 bats
  A frilled lizard (D:1)
  A leopard gecko skeleton (D:5)
  A leopard gecko zombie (D:6)
  4 rats
314 creatures vanquished.

Vanquished Creatures (others)
  A white imp (D:5)
  12 plants (D:10)
13 creatures vanquished.

Grand Total: 327 creatures vanquished

Notes
Turn   | Place    | Note
-------+----------+-------------------------------------------
     0 | D:1      | Flugslaktarn the Deep Dwarf Fighter began the quest for the
                  | Orb.
     0 | D:1      | Reached XP level 1. HP: 20/20 MP: 1/1
   159 | D:1      | Reached XP level 2. HP: 16/27 MP: 2/2
   354 | D:3      | Found an ancient bone altar of Kikubaaqudgha.
   368 | D:3      | Noticed a bullfrog
   371 | D:3      | Reached XP level 3. HP: 31/34 MP: 2/2
   380 | D:3      | Reached skill level 3 in Axes
   383 | D:3      | Killed a bullfrog
   383 | D:3      | Reached XP level 4. HP: 27/42 MP: 3/3
   388 | D:3      | Noticed a bullfrog
   399 | D:3      | Killed a bullfrog
   399 | D:3      | Reached XP level 5. HP: 41/50 MP: 3/3
   403 | D:3      | Reached skill level 4 in Axes
   415 | D:3      | Reached XP level 6. HP: 19/57 MP: 3/3
   456 | D:3      | Noticed Natasha
   470 | D:3      | Killed Natasha
   529 | D:4      | Found a blossoming altar of Fedhas.
   712 | D:4      | Found a shimmering altar of Xom.
   816 | D:4      | You fall into a shaft and drop 3 floors!
   822 | D:7      | Reached skill level 5 in Axes
   825 | D:7      | Reached XP level 7. HP: 27/66 MP: 4/4
   850 | D:7      | Reached skill level 5 in Fighting
   857 | D:7      | Reached skill level 5 in Shields
   909 | D:6      | Reached skill level 5 in Armour
   922 | D:6      | Reached skill level 6 in Axes
  1031 | D:6      | Noticed Duvessa
  1031 | D:6      | Noticed Dowan
  1053 | D:6      | Killed Duvessa
  1053 | D:6      | Reached XP level 8. HP: 48/75 MP: 3/3
  1055 | D:6      | Killed Dowan
  1157 | D:5      | Entered Level 5 of the Dungeon
  1433 | D:5      | Reached skill level 7 in Axes
  1986 | D:5      | Gained mutation: You passively map the area around you.
                  | [Deep Dwarf growth]
  1986 | D:5      | Reached XP level 9. HP: 63/85 MP: 2/2
  2319 | D:3      | Found a sacrificial altar of Ru.
  2494 | D:5      | Found a runed translucent door.
  2495 | D:5      | Noticed Crazy Yiuf
  2645 | D:5      | Killed Crazy Yiuf
  2855 | D:6      | Reached skill level 8 in Axes
  3075 | D:6      | Found a snail-covered altar of Cheibriados.
  3135 | D:6      | Reached skill level 9 in Axes
  3354 | D:7      | Found a glowing silver altar of Zin.
  3363 | D:7      | Reached XP level 10. HP: 61/96 MP: 2/2
  3456 | D:7      | Found a white marble altar of Elyvilon.
  3487 | D:7      | Found a stormy altar of Qazlal.
  3536 | D:7      | Found a shimmering blue altar of Sif Muna.
  3724 | D:7      | Found a staircase to the Ecumenical Temple.
  3733 | Temple   | Entered the Ecumenical Temple
  3850 | Temple   | Became a worshipper of Makhleb the Destroyer
  4290 | D:8      | Reached skill level 1 in Invocations
  4686 | D:8      | Found a snail-covered altar of Cheibriados.
  4690 | D:8      | Found a bloodstained altar of Trog.
  4693 | D:8      | Found a shimmering blue altar of Sif Muna.
  4856 | D:9      | Reached * piety under Makhleb
  5272 | D:9      | Reached skill level 10 in Axes
  5425 | D:9      | Noticed a two-headed ogre
  5432 | D:9      | Killed a two-headed ogre
  5618 | D:9      | Noticed a fire dragon
  5659 | D:10     | Entered Level 10 of the Dungeon
  5679 | D:10     | Reached ** piety under Makhleb
  5734 | D:10     | Found a sparkling altar of Nemelex Xobeh.
  5782 | D:10     | Reached skill level 5 in Invocations
  5834 | D:10     | Found Hakk's Weapon Emporium.
  5969 | D:10     | Reached XP level 11. HP: 57/106 MP: 2/2
  5989 | D:10     | Found a staircase to the Orcish Mines.
  6054 | D:10     | Found a staircase to the Lair.
  6229 | D:10     | Noticed Erica
  6241 | D:10     | Killed Erica
  6450 | D:11     | Reached *** piety under Makhleb
  6453 | D:11     | Reached skill level 1 in Evocations
  6476 | D:11     | Noticed Snorg
  6487 | D:11     | HP: 3/106 [Snorg (4)]
  6510 | D:11     | Killed Snorg
  6510 | D:11     | Reached skill level 11 in Axes
  6650 | D:11     | Found Munyde's Demolitions Depot.
  6749 | D:11     | Noticed a red ugly thing
  6763 | D:11     | Killed an unseen horror
  6777 | D:11     | Killed a red ugly thing
  6792 | D:11     | Killed an unseen horror
  6799 | D:11     | Hit by a large rock thrown by a cyclops

Illustrated notes

Levels and vault maps discovered:
D:1:      wheals_arrival_linesprint, layout_rooms
D:2:      layout_basic, uniq_robin
D:3:      minmay_evil_eye, layout_basic, nicolae_overflow_crystal_walls,
          lemuel_crystal_altar, gup_sewer_entry_spiral,
          nicolae_ru_great_annihilating_truth, uniq_sigmund, uniq_natasha,
          uniq_jessica
D:4:      layout_loops_ring, nicolae_overflow_hidden_temple, fedhas_altar_1
D:5:      cheibrodos_thug_alley, layout_basic, nicolae_ossuary_entry_plus,
          minmay_joined_circles, uniq_crazy_yiuf_cottage
D:6:      layout_basic, basic_altar, uniq_duvessa
D:7:      layout_rooms, kennysheep_mini, lemuel_round_altar,
          minmay_temple_entry_fiery, basic_altar, tgw_sif
D:8:      layout_loops_corners, minmay_overflow_temple_star_quad
D:9:      dragon1_lemuel, layout_cave_pods, grunt_temple_overflow_diamond,
          serial_column_ruins, column_ruins_hut, column_ruins_hut,
          column_ruins_open_tiny, column_ruins_grid_1, column_ruins_grid_2,
          column_ruins_corridor_straight
D:10:     statuecave_lemuel, layout_rooms, david_lair_shrubbed, david_orc_4,
          basic_altar, serial_shops, nicolae_shop_stone, uniq_erica
D:11:     layout_basic, nicolae_blasting_shop, uniq_snorg
Temple:   compressed_dpeg_circular_temple

Skill      XL: |  1  2  3  4  5  6  7  8  9 10 11 |
---------------+----------------------------------+-----
Fighting       | 3 4 5 6 8 9 |  9.8
Axes           | 3 4 5 6 7 9 10 11 | 11.3
Armour         | 4 5 6 7 8 |  8.5
Shields        | 4 5 6 7 8 |  8.6
Invocations    | 5 6 |  6.8
Evocations     | 3 |  3.1

Action                   |  1- 3 |  4- 6 |  7- 9 | 10-12 || total
-------------------------+-------+-------+-------+-------++-------
Melee: War axe           |    53 |   114 |   478 |   426 ||  1071
Invok: Lesser Servant of |       |       |       |     2 ||     2
 Abil: Heal Wounds       |     1 |     5 |    19 |    14 ||    39
Evoke: Wand              |       |       |       |     5 ||     5
  Use: Scroll            |       |     5 |    10 |     5 ||    20
       Potion            |       |       |     2 |     1 ||     3
 Stab: Paralysed         |       |       |     1 |       ||     1
Armor: Scale mail        |    26 |    42 |   165 |    25 ||   258
       Plate armour      |       |       |       |   227 ||   227
Dodge: Dodged            |    29 |    80 |   247 |   162 ||   518
Block: Kite shield       |    39 |    98 |   317 |   295 ||   749

Table legend: (Time is in decaauts)
 A = Elapsed time spent in this place.
 B = Non-inter-level travel time spent in this place.
 C = Inter-level travel time spent in this place.
 D = Time resting spent in this place.
 E = Time spent auto-exploring this place.
 F = Levels seen in this place.
 G = Mean time per level.
                   A        B        C        D        E       F      G
               +--------+--------+--------+--------+--------+-----+--------+
         Total |   6993 |   6435 |    558 |     45 |   4298 |  12 |  582.8 |
       Dungeon |   6866 |   6349 |    517 |     45 |   4214 |  11 |  624.2 |
        Temple |    127 |     86 |     41 |      0 |     84 |   1 |  127.0 |
               +--------+--------+--------+--------+--------+-----+--------+

Top non-repeatable levels by time:
     D:5: 1026 daAuts
     D:8: 926 daAuts
     D:6: 906 daAuts
     D:9: 829 daAuts
    D:10: 791 daAuts
     D:4: 778 daAuts
     D:7: 601 daAuts
    D:11: 352 daAuts
     D:3: 285 daAuts
     D:1: 220 daAuts
     D:2: 147 daAuts
  Temple: 127 daAuts
